 Dungeon Crawl Stone Soup version 0.18-a0-1702-gd20c6a5 (webtiles) character file.

30629 vev the Carver (level 13, -1/110 HPs)
             Began as a Vampire Venom Mage on Apr 7, 2016.
             Was the Champion of Makhleb.
             Slain by a black mamba (11 damage)
             ... on level 4 of the Lair of Beasts.
             The game lasted 00:58:08 (20362 turns).

vev the Carver (Vampire Venom Mage)                Turns: 20362, Time: 00:58:09

Health: -1/110     AC: 13    Str: 12 (13) XL:     13   Next: 21%
Magic:  19/19      EV: 19    Int: 19      God:    Makhleb [******]
Gold:   563        SH:  2    Dex: 17 (18) Spells: 4 memorised, 10 levels left

rFire  . . .     SeeInvis +     a - +7 lajatang of Patience {drain, rElec MR+ Dex+4 Stlth+}
rCold  + . .     Gourm    .     i - +1 leather armour {MR+}
rNeg   + + .     Faith    .     (shield currently unavailable)
rPois  +         Spirit   .     (no helmet)
rElec  +         Dismiss  .     r - +2 cloak
rCorr  .         Reflect  .     e - +0 pair of gloves
SustAt .         Harm     .     w - +2 pair of boots
MR     +++..                    (no amulet)
Stlth  +++++++...               c - +4 ring of evasion
                                j - ring of stealth

@: regenerating slowly, extremely resistant to hostile enchantments, extremely
stealthy
A: fangs 3, large bone plates 1, see invisible, blink, deterioration 1, robust
1, strong 1, wild magic 1, unbreathing
a: Bat Form, Blink, Minor Destruction, Lesser Servant of Makhleb, Major
Destruction, Greater Servant of Makhleb, Renounce Religion


You were on level 4 of the Lair of Beasts.
You worshipped Makhleb.
Makhleb was exalted by your worship.
You were very thirsty.

You visited 3 branches of the dungeon, and saw 17 of its levels.

You collected 639 gold pieces.
You spent 76 gold pieces at shops.

Inventory:

Hand Weapons
 a - the +7 lajatang of Patience (weapon) {drain, rElec MR+ Dex+4 Stlth+}
   (You found it on level 8 of the Dungeon)

   A truly terrible weapon, it drains the life of those it strikes.
   It affects your dexterity (+4).
   It insulates you from electricity.
   It affects your resistance to hostile enchantments.
   It makes you more stealthy.
 b - a +3 quarterstaff of chaos
 P - a +0 eveningstar
 Q - a +1 scimitar of freezing
Armour
 e - a +0 pair of gloves (worn)
 i - a +1 leather armour of magic resistance (worn)
 r - a +2 cloak (worn)
 w - a +2 pair of boots (worn)
Rods
 H - a +1 rod of inaccuracy (10/10)
   (You found it on level 4 of the Lair of Beasts)
Jewellery
 c - a +4 ring of evasion (right hand)
 j - a ring of stealth (left hand)
 O - a +3 ring of intelligence
 Z - an uncursed amulet of rage
Wands
 t - a wand of iceblast (10/15)
 E - a wand of confusion (27/48)
 G - a wand of lightning (0/15)
 T - a wand of paralysis (5/24)
 V - a wand of lightning (3/15)
 X - a wand of confusion (30/48)
 Y - a wand of polymorph (11/24)
Scrolls
 d - 10 scrolls of remove curse
 g - a scroll of noise {unknown}
 h - a scroll of enchant weapon {unknown}
 k - 3 scrolls of recharging {unknown}
 l - 4 scrolls of fear
 m - 2 scrolls of identify
 o - 4 scrolls of magic mapping {unknown}
 u - 2 scrolls of blinking {unknown}
 x - 7 scrolls of teleportation
 A - a scroll of acquirement {unknown}
 D - 2 scrolls of immolation {unknown}
 F - 2 scrolls of enchant armour {unknown}
 L - a scroll of amnesia
 S - a scroll of fog
Potions
 f - 2 potions of brilliance
 n - 4 potions of might
 q - 17 potions of blood
 s - 2 potions of ambrosia {unknown}
 z - 2 potions of agility
 I - 2 potions of curing
 K - 3 potions of resistance
 M - a potion of flight
Books
 p - a book of Unlife

   Spells                             Type                      Level
   a - Recall                         Summoning/Translocation      3
   b - Animate Dead                   Necromancy                   4
   c - Control Undead                 Necromancy                   4
   d - Cigotuvi's Embrace             Necromancy                   5
   e - Death Channel                  Necromancy                   6
   f - Simulacrum                     Ice/Necromancy               6
 y - a Fen Folio

   Spells                             Type                      Level
   a - Corpse Rot                     Necromancy                   2
   b - Stone Arrow                    Conjuration/Earth            3
   c - Leda's Liquefaction            Hexes/Earth                  4
   d - Summon Forest                  Summoning/Translocation      5
   e - Hydra Form                     Transmutation                6
   f - Summon Hydra                   Summoning                    7
 B - a Young Poisoner's Handbook

   Spells                             Type                      Level
   a - Sting                          Conjuration/Poison           1
   b - Cure Poison                    Poison                       2
   c - Mephitic Cloud                 Conjuration/Poison/Air       3
   d - Olgreb's Toxic Radiance        Poison                       4
   e - Venom Bolt                     Conjuration/Poison           5
 N - a book of the Sky

   Spells                             Type                      Level
   a - Summon Lightning Spire         Summoning/Air                4
   b - Airstrike                      Air                          4
   c - Silence                        Hexes/Air                    5
   d - Deflect Missiles               Charms/Air                   6
   e - Conjure Ball Lightning         Conjuration/Air              6
   f - Tornado                        Air                          9
Miscellaneous
 R - a lamp of fire (inert)
 U - a fan of gales (inert)


   Skills:
 - Level 8.8 Fighting
 - Level 11.7 Long Blades
 + Level 10.0 Staves
 - Level 5.8 Dodging
 - Level 8.1 Stealth
 - Level 4.4 Spellcasting
 - Level 3.1 Conjurations
 - Level 5.1 Air Magic
 - Level 5.4 Poison Magic
 - Level 3.7 Invocations


You had 10 spell levels left.
You knew the following spells:

 Your Spells              Type           Power        Failure   Level  Hunger
a - Sting                 Conj/Pois      ####         6%          1    None
c - Cure Poison           Pois           ####......   4%          2    #......
d - Airstrike             Air            ####......   28%         4    ####...
f - Mephitic Cloud        Conj/Pois/Air  ####....     14%         3    ###....


Dungeon Overview and Level Annotations

Branches:
Dungeon (11/15)            Temple (1/1) D:7            Lair (5/8) D:11
 Shoals (0/4) Lair:3          Orc (0/2) D:9
  Snake: Lair:3-6    Spider: Lair:3-6

Altars:
Ashenzari
Cheibriados
Dithmenos
Elyvilon
Fedhas
Gozag
Kikubaaqudgha
Makhleb
Nemelex Xobeh
Okawaru
Pakellas
Qazlal
Ru
Sif Muna
Trog
Vehumet
Xom
Yredelemnul
Zin
The Shining One

Shops:
D:2 }   D:4 (   D:5 (!=   D:6 %

Portals:
Trove: D:10 (give lajatang of Order)

Annotations:
D:8 exclusion: oklob plant


Innate Abilities, Weirdness & Mutations

You heal slowly.
You have razor-sharp teeth.
You have supernaturally acute eyesight.
You can survive without breathing.
You are partially covered in large bone plates (AC +2, SH +2).
You can translocate small distances at will.
Your body sometimes deteriorates upon taking damage.
You are robust (+10% HP).
Your muscles are strong. (Str +2)
Your spells are a little harder to cast, but a little more powerful.


Message History

The black mamba is lightly wounded.
The black mamba completely misses you.
You hit the black mamba.
You bite the black mamba, but do no damage.
The black mamba is moderately wounded.
The black mamba misses you. The black mamba bites you.
* * * LOW HITPOINT WARNING * * *
You closely miss the black mamba.
The black mamba is moderately wounded.
The black mamba bites you!
* * * LOW HITPOINT WARNING * * *
Your body deteriorates!
You feel clumsy. The black mamba completely misses you.
You hit the black mamba but do no damage.
The black mamba is lightly wounded.
The black mamba bites you!
* * * LOW HITPOINT WARNING * * *
Drink which item? (? for menu, Esc to quit)
You feel better. The black mamba closely misses you. The black mamba bites you!
You die...

#..........#.......#.
##.##....##.........#.
#P.##.##..##.#.###..##
#...#.##..#....# #...#
##....P#.###.### #..##
#.#..##...#.#####.#.#
###.>###....P#.#.....
####.S#.....P.......PP
#.#..@..#.P..P.......#
##.#.......#.........#
#[............P#.....#
###......P###..###[...
#..P...### #......#..
##.#.#.#########P...♣
##.#....##.# #.....
#.......#.## ##.#..
#..#......### ##....


You could see a black mamba.

Vanquished Creatures
  Rupert (Lair:4)
  3 hydras
  A catoblepas (Lair:5)
  An unseen horror (D:10)
  2 hill giants (D:11)
  Pikel (D:8)
  An ugly thing (D:11)
  2 black mambas
  A siren (Lair:3)
  7 spiny frogs
  2 rime drakes
  4 komodo dragons
  A troll (D:10)
  Grinder (D:4)
  2 two-headed ogres (D:8)
  24 blink frogs
  Sigmund (D:3)
  Eustachio (D:4)
  A hungry ghost (D:8)
  14 yaks
  A wyvern (D:10)
  A fire elemental (Lair:3)
  A wraith (D:10)
  4 hippogriffs
  Edmund (D:4)
  7 nagas (Lair:5)
  8 water moccasins
  5 porcupines
  4 ice beasts
  A swamp drake (D:9)
  8 orc warriors
  A sky beast (D:9)
  4 ogres
  3 phantoms
  An eye of draining (D:9)
  5 centaurs
  9 crocodiles
  2 big kobolds
  8 giant frogs
  6 scorpions
  5 killer bees (D:10)
  2 water moccasin skeletons
  17 wights (D:9)
  An electric eel (Lair:4)
  3 howler monkeys
  7 crimson imps
  6 jellies
  7 hounds
  2 centaur skeletons
  A giant frog skeleton (D:5)
  7 orc priests
  Crazy Yiuf (D:3)
  13 orc wizards
  11 iguanas
  5 worker ants
  6 sheep
  A hound zombie (D:8)
  2 hound skeletons (D:7)
  9 adders
  7 gnolls
  37 river rats
  2 shadow imps
  16 oozes
  An adder skeleton (D:5)
  2 worms
  A dart slug (D:3)
  6 giant geckos
  50 orcs
  4 bat zombies (D:5)
  9 giant cockroaches
  11 goblins
  10 hobgoblins
  6 jackals
  5 quokkas
  A ball python (D:1)
  9 bats
  7 giant newts
  13 kobolds
  5 rats
  2 rat zombies (D:5)
461 creatures vanquished.

Vanquished Creatures (collateral kills)
  A hydra (Lair:5)
  An orc (D:7)
2 creatures vanquished.

Vanquished Creatures (others)
  4 slaves (D:8)
  A giant frog (D:8)
  A killer bee (D:10)
  A giant frog zombie (D:11)
  A giant frog skeleton (D:8)
  A worker ant (D:8)
  A fire vortex (Lair:3)
  13 fungi
  4 plants
27 creatures vanquished.

Grand Total: 490 creatures vanquished

Notes
Turn   | Place    | Note
--------------------------------------------------------------
     0 | D:1      | vev the Vampire Venom Mage began the quest for the Orb.
     0 | D:1      | Reached XP level 1. HP: 13/13 MP: 3/3
   171 | D:1      | Reached XP level 2. HP: 15/19 MP: 0/5
  1073 | D:1      | Reached XP level 3. HP: 20/24 MP: 5/7
  1904 | D:2      | Reached XP level 4. HP: 30/30 MP: 1/10
  2298 | D:2      | Found an oddly glowing altar of Pakellas.
  2298 | D:2      | Found Pakellas's Prime Provisions.
  2806 | D:3      | Noticed Sigmund
  2830 | D:3      | Killed Sigmund
  2830 | D:3      | Reached XP level 5. HP: 19/42 MP: 2/11
  3342 | D:3      | Noticed Crazy Yiuf
  3354 | D:3      | Killed Crazy Yiuf
  3354 | D:3      | Reached XP level 6. HP: 41/48 MP: 4/12
  3488 | D:4      | Noticed Edmund
  3500 | D:4      | Killed Edmund
  3567 | D:4      | Reached skill level 5 in Fighting
  3573 | D:4      | Found a shattered altar of Ashenzari.
  3579 | D:4      | Found a shimmering altar of Xom.
  3733 | D:4      | Noticed Eustachio
  3746 | D:4      | Killed Eustachio
  3746 | D:4      | Reached XP level 7. HP: 48/58 MP: 7/13
  3816 | D:4      | Noticed Grinder
  3839 | D:4      | Killed Grinder
  4107 | D:4      | Found Moinuomn's Antique Weapon Shop.
  4374 | D:5      | Entered Level 5 of the Dungeon
  4378 | D:5      | Found Jial's Jewellery Shop.
  4507 | D:5      | Found Esiq's Antique Weapon Shoppe.
  4533 | D:5      | Bought a runed scimitar for 76 gold pieces
  4541 | D:5      | Found an ancient bone altar of Kikubaaqudgha.
  4618 | D:5      | Reached skill level 1 in Long Blades
  4618 | D:5      | Reached XP level 8. HP: 61/67 MP: 6/14
  4633 | D:5      | Found Mushre's Food Emporium.
  4644 | D:5      | Reached skill level 2 in Long Blades
  5195 | D:5      | Found Poheida's Distillery.
  5367 | D:5      | Found an ancient bone altar of Kikubaaqudgha.
  5368 | D:5      | Reached skill level 3 in Long Blades
  5526 | D:5      | Learned a level 2 spell: Cure Poison
  5530 | D:5      | Learned a level 3 spell: Mephitic Cloud
  5647 | D:5      | Reached skill level 4 in Long Blades
  6152 | D:6      | Reached skill level 5 in Long Blades
  6212 | D:6      | Found a sacrificial altar of Ru.
  6361 | D:6      | Found Wabovewn's Food Shoppe.
  6374 | D:6      | Reached skill level 6 in Long Blades
  6823 | D:7      | Reached skill level 7 in Long Blades
  6843 | D:7      | Reached XP level 9. HP: 57/72 MP: 15/15
  6892 | D:7      | Found a staircase to the Ecumenical Temple.
  6902 | Temple   | Entered the Ecumenical Temple
  6993 | Temple   | Became a worshipper of Makhleb the Destroyer
  7043 | D:7      | Reached skill level 8 in Long Blades
  7535 | D:8      | Noticed Pikel
  7549 | D:8      | Killed Pikel
  7549 | D:8      | Reached skill level 9 in Long Blades
  7685 | D:8      | Reached skill level 10 in Long Blades
  7784 | D:8      | Reached * piety under Makhleb
  8512 | D:8      | Noticed an oklob plant
  8623 | D:8      | Reached ** piety under Makhleb
  8641 | D:8      | Reached XP level 10. HP: 71/79 MP: 16/16
  8645 | D:8      | Reached skill level 11 in Long Blades
  9754 | D:8      | Got a crystal lajatang
  9755 | D:8      | Identified the +7 lajatang of Patience {drain, rElec MR+ Dex+4 Stlth+} (You found it on level 8 of the Dungeon)
  9777 | D:8      | Reached skill level 1 in Staves
  9909 | D:9      | Got a polished falchion {drain}
  9910 | D:9      | Identified the +4 falchion "Kaoffyirph" {drain, +Blink +Inv} (You took it off a wight on level 9 of the Dungeon)
  9966 | D:9      | Reached *** piety under Makhleb
 10159 | D:9      | Found a staircase to the Orcish Mines.
 10903 | D:9      | Reached **** piety under Makhleb
 10914 | D:9      | Reached skill level 5 in Staves
 11420 | D:10     | Entered Level 10 of the Dungeon
 11626 | D:10     | Noticed an unseen horror
 11641 | D:10     | Killed an unseen horror
 11641 | D:10     | Reached XP level 11. HP: 84/84 MP: 17/17
 11958 | D:10     | Found a portal to a secret trove of treasure.
 12148 | D:11     | Noticed a deep elf mage
 12184 | D:11     | Found a staircase to the Lair.
 12217 | Lair:1   | Entered Level 1 of the Lair of Beasts
 12240 | Lair:1   | Reached ***** piety under Makhleb
 13081 | D:11     | Noticed a hill giant
 13082 | D:11     | Noticed a hill giant
 13098 | D:11     | Killed a hill giant
 13098 | D:11     | Reached skill level 1 in Invocations
 13106 | D:11     | Killed a hill giant
 13106 | D:11     | Reached skill level 1 in Conjurations
 13188 | D:11     | Noticed a brown ugly thing
 13201 | D:11     | Killed a purple ugly thing
 13469 | D:11     | Gained mutation: Your body sometimes deteriorates upon taking damage. [potion of mutation]
 13469 | D:11     | Gained mutation: You can translocate small distances at will. [potion of mutation]
 13470 | D:11     | Gained mutation: Your spells are a little harder to cast, but a little more powerful. [potion of mutation]
 13470 | D:11     | Gained mutation: Your muscles are strong. (Str +2) [potion of mutation]
 13470 | D:11     | Gained mutation: You are partially covered in large bone plates (AC +2, SH +2). [potion of mutation]
 13688 | Lair:1   | Got a steaming ring mail
 13699 | Lair:1   | Identified the +0 ring mail of an ice cave {Dex+3 SInv} (You found it on level 1 of the Lair of Beasts)
 13776 | Lair:1   | Reached skill level 5 in Stealth
 13905 | Lair:1   | Noticed a five-headed hydra
 14687 | Lair:2   | Reached XP level 12. HP: 56/92 MP: 14/18
 14945 | Lair:2   | Reached skill level 5 in Poison Magic
 15622 | Lair:3   | Reached skill level 5 in Dodging
 15726 | Lair:3   | Found a staircase to the Shoals.
 16146 | Lair:4   | Noticed a five-headed hydra
 16264 | Lair:4   | Noticed Rupert
 16289 | Lair:4   | Killed Rupert
 16466 | Lair:4   | Reached ****** piety under Makhleb
 17074 | Lair:4   | Gained mutation: You are robust (+10% HP). [potion of beneficial mutation]
 17261 | Lair:4   | Reached skill level 1 in Air Magic
 17337 | Lair:4   | Identified a +1 rod of inaccuracy (10/10) (You found it on level 4 of the Lair of Beasts)
 17345 | Lair:4   | Killed a five-headed hydra
 17416 | Lair:1   | Noticed an eight-headed hydra
 17432 | Lair:1   | Killed a five-headed hydra
 17693 | Lair:1   | Killed an eight-headed hydra
 18189 | Lair:1   | Reached skill level 5 in Air Magic
 18195 | Lair:1   | Learned a level 4 spell: Airstrike
 18770 | Lair:5   | Noticed a catoblepas
 18795 | Lair:5   | Killed a catoblepas
 18795 | Lair:5   | Reached XP level 13. HP: 81/110 MP: 12/19
 18990 | Lair:5   | Got a shadowed robe
 19010 | Lair:4   | Identified the +2 robe "Edeoc" {MR- Str+3 SInv} (You took it off a naga on level 5 of the Lair of Beasts)
 20240 | Lair:5   | Reached skill level 10 in Staves
 20361 | Lair:4   | HP: 3/110 [black mamba (10)]
 20362 | Lair:4   | Slain by a black mamba

Vault maps used:
D:1:      lightli_arrival_flooded_house, minmay_bisected
D:2:      johnstein_pakellas_shop
D:3:      first_bread, uniq_sigmund, uniq_crazy_yiuf_cottage
D:4:      grunt_temple_overflow_open, serial_shops, shop, uniq_eustachio,
          uniq_edmund, uniq_grinder
D:5:      lemuel_zombie_altar_kikubaaqudgha, serial_shops, shop_fountains,
          shop_statue, nicolae_shop_crystal, kennysheep_mini_moat,
          kennysheep_small_circle
D:6:      nicolae_ru_the_path_less_chosen, serial_shops, nicolae_shop_stone
D:7:      minmay_temple_entry_purple_smoke, kennysheep_generic_room_2
D:8:      lemuel_slime, uniq_pikel
D:9:      erik_orc_1
D:10:     enter_trove_3
D:11:     lair_0_dummy, hangedman_stone_soup
Temple:   lightli_temple_of_artemis
Lair:1:   hangedman_lair_generics_rect, lemuel_fruit_tree
Lair:2:   grunt_megastairs_2, serial_bayou_shore_a
Lair:3:   minmay_shoals_entry_lonely_mermaid
Lair:4:   st_stairs_10, fungi_pond_lemuel, infiniplex_staircase_pool_2,
          grunt_megastairs_4, uniq_rupert
Lair:5:   minmay_snake_entry_guardpost_medium

Skill      XL: |  1  2  3  4  5  6  7  8  9 10 11 12 13 |
---------------+----------------------------------------+-----
Spellcasting   | 3 4 |  4.4
Fighting       | 3 4 6 7 8 |  8.8
Long Blades    | 1 7 10 11 | 11.7
Staves         | 6 8 9 10 | 10.0
Invocations    | 2 3 |  3.7
Conjurations   | 2 3 |  3.1
Stealth        | 6 8 |  8.1
Poison Magic   | 4 5 |  5.4
Dodging        | 4 5 |  5.8
Air Magic      | 5 |  5.1

Action                   |  1- 3 |  4- 6 |  7- 9 | 10-12 | 13-15 || total
-------------------------+-------+-------+-------+-------+-------++-------
Melee: Hand axe          |    60 |     7 |       |       |       ||    67
       Quarterstaff      |       |    36 |    28 |     3 |       ||    67
       Long sword        |       |       |   299 |    99 |       ||   398
       Scimitar          |       |       |    95 |       |       ||    95
       Lajatang          |       |       |       |   650 |   112 ||   762
       Eveningstar       |       |       |       |       |     2 ||     2
 Cast: Sting             |    90 |    73 |    76 |    94 |    11 ||   344
       Mephitic Cloud    |       |       |    17 |    46 |     2 ||    65
Invok: Minor Destruction |       |       |       |    10 |    18 ||    28
Evoke: Wand              |       |       |       |     9 |       ||     9
       Rod               |       |       |       |     3 |       ||     3
       Fan of gales      |       |       |       |       |     1 ||     1
       Lamp of fire      |       |       |       |       |     1 ||     1
  Use: Potion            |       |     3 |     8 |    21 |     4 ||    36
       Scroll            |       |       |     3 |    14 |       ||    17
 Stab: Sleeping          |     2 |     1 |     5 |    36 |     1 ||    45
       Paralysed         |       |     1 |       |       |       ||     1
       Confused          |       |       |     9 |    23 |     1 ||    33
       Distracted        |       |       |     1 |     7 |       ||     8
